 Dungeon Crawl Stone Soup version 0.23.0 (webtiles) character file.

Game seed: 8001725897965670544

39 luckybrn567 the Caller (level 3, 0/19 HPs)
             Began as a Deep Elf Summoner on Feb 17, 2019.
             Killed from afar by Ijyb (9 damage)
             ... with a wand of flame (16)
             ... on level 3 of the Dungeon.
             The game lasted 00:23:54 (2652 turns).

luckybrn567 the Caller (Deep Elf Summoner)          Turns: 2652, Time: 00:23:54

Health: 0/19       AC:  2    Str:  5    XL:     3   Next: 26%
Magic:  5/9        EV: 13    Int: 20    God:
Gold:   118        SH:  0    Dex: 15    Spells: 2/8 levels left

rFire    . . .     SeeInvis .   h - +0 hunting sling
rCold    . . .     Gourm    .   (no shield)
rNeg     . . .     Faith    .   a - +0 robe
rPois    .         Spirit   .   (no helmet)
rElec    .         Reflect  .   (no cloak)
rCorr    .         Harm     .   (no gloves)
MR       .....                  (no boots)
Stlth    ++........             (no amulet)
HPRegen  0.06/turn              g - ring of wizardry
MPRegen  0.11/turn              (no ring)

@: no status effects
A: no striking features
a: no special abilities


You were on level 3 of the Dungeon.
You were not hungry.

You visited 1 branch of the dungeon, and saw 3 of its levels.

You collected 118 gold pieces.

Inventory:

Hand Weapons
 h - a +0 hunting sling (weapon)
Missiles
 b - 31 arrows
 o - 14 bolts
 p - 55 stones (quivered)
 q - 4 needles of confusion
Armour
 a - a +0 robe (worn)
 m - a +0 ring mail
Jewellery
 e - an uncursed ring of fire
 g - a ring of wizardry (left hand)
Scrolls
 i - a scroll of blinking {unknown}
 j - a scroll of enchant armour {unknown}
 k - a scroll of identify
 l - a scroll of magic mapping
 n - a scroll of noise {unknown}
Potions
 d - a potion of haste
 f - 2 potions of curing
Comestibles
 c - 4 rations


   Skills:
 + Level 0.2 Fighting
   Level 0.2 Polearms
 + Level 3.0 Dodging
 + Level 2.5 Stealth
 + Level 3.4 Spellcasting
 + Level 0.1 Hexes
 + Level 5.0 Summonings


You had 2 spell levels left.
You knew the following spells:

 Your Spells              Type           Power        Failure   Level  Hunger
a - Summon Small Mammal   Summ           ###.         1%          1    None
b - Call Imp              Summ           ###.....     1%          2    ##.....
c - Summon Guardian Gole  Hex/Summ       ##......     6%          3    ###....

Your spell library contained the following spells:

 Spells                   Type           Power        Failure   Level  Hunger
 Call Canine Familiar     Summ           ###.....     2%          3    ###....
 Summon Ice Beast         Ice/Summ       ##......     19%         4    ####...
 Summon Lightning Spire   Summ/Air       ##......     19%         4    ####...


Dungeon Overview and Level Annotations

Branches:
Dungeon (3/15)

Altars:
Hepliaklqana

Annotations:
D:3 Ijyb


Message History

You swap places.
The gnoll hits your guardian golem but does no damage.
Your crimson imp blinks!
The gnoll hits your guardian golem with a +2 halberd of chopping.
The gnoll hits your guardian golem but does no damage.
The gnoll hits your guardian golem with a +2 halberd of chopping.
Your guardian golem overheats!
The gnoll hits your guardian golem with a +2 halberd of chopping.
Your guardian golem explodes!
The fiery explosion engulfs the gnoll!!!
The gnoll dies!
Your Summonings skill increases to level 5!
The fiery explosion engulfs your white imp!!!
Your white imp is burned terribly!
Your white imp dies!
You hear an angry hiss.
Ijyb zaps a wand.
The puff of flame hits you!
Ouch! That really hurt!
Ijyb zaps a wand.
The puff of flame hits you!
You die...

#.÷.).....# #g#
#.#######.# #.#
#.#.....#.# #g#
#.#†###.#.# #.#
#.#.#<..#.# #.#
#.#.#####.# #g#
#.#.......# #.#
#.###################.#
#...........@..gg.g...#
#######################


You could see Ijyb, a gnoll and a goblin.

Vanquished Creatures
  A bat (D:1)
  A giant cockroach (D:1)
  A goblin (D:1)
  4 kobolds (D:1)
  A ball python (D:1)
  A frilled lizard (D:1)
  4 rats (D:1)
13 creatures vanquished.

Vanquished Creatures (collateral kills)
  A gnoll (D:3)
  3 worms (D:2)
  A ball python (D:2)
  A bat (D:1)
  A giant cockroach (D:2)
  2 goblins
  5 hobgoblins
  3 jackals
  6 kobolds
  A frilled lizard (D:1)
  A rat (D:2)
25 creatures vanquished.

Grand Total: 38 creatures vanquished

Notes
Turn   | Place    | Note
-------+----------+-------------------------------------------
     0 | D:1      | luckybrn567 the Deep Elf Summoner began the quest for the
                  | Orb.
     0 | D:1      | Reached XP level 1. HP: 10/10 MP: 6/6
   406 | D:1      | Reached XP level 2. HP: 12/15 MP: 8/8
   418 | D:1      | Learned a level 2 spell: Call Imp
   711 | D:1      | Found a hazy altar of Hepliaklqana.
  1336 | D:1      | You fall through a shaft!
  1648 | D:2      | Reached XP level 3. HP: 19/19 MP: 5/9
  1653 | D:2      | Learned a level 3 spell: Summon Guardian Golem
  2621 | D:3      | Noticed Ijyb
  2634 | D:3      | Reached skill level 5 in Summonings
  2652 | D:3      | Killed from afar by Ijyb

Skill      XL: |  1  2  3 |
---------------+----------+-----
Dodging        | 3 |  3.0
Summonings     | 5 |  5.0
Fighting       | |  0.2
Polearms       | |  0.2
Stealth        | |  2.5
Spellcasting   | |  3.4
Hexes          | |  0.1

Action                   || total
-------------------------++-------
Melee: Spear             ||    46
       Hunting sling     ||    11
 Fire: Hunting sling     ||    12
 Cast: Call Imp          ||    21
       Summon Small Mamm ||     2
       Summon Guardian G ||     6
  Use: Scroll            ||     6
  Eat: Ration            ||     2
Armor: Robe              ||    34
Dodge: Dodged            ||   109
